AoeStats
← Gjallarhorn

Hideout

509848279Analyzed
1v1 RM · 2d ago on Sep 28, 2026· 23m 45s· 2 players
Game mode
Random Map
Map size
Tiny (2 player)
Population
200
Speed
Normal
Resources
Standard
Victory
Conquest
Starting age
Dark Age
Ending age
Imperial Age
RankedLock teamsTeams togetherTeam positionsShared explorationLock speedFull tech treeHidden civsTurbo modeCheats
Victory
Defeat
🇩🇪 Franks · Germany
693
+13
🇧🇷 Franks · Brazil
635
-13
Ze Abranches
11:02 Feudal Age
17:58 Double-Bit Axe
Gjallarhorn
9:45 Feudal Age
8:01 Loom
10:38 Double-Bit Axe
19:03 Castle Age
17:53 Stone Mining
21:08 Fletching
21:59 Bow Saw
22:02 Bodkin Arrow
24:00 Town Watch
Connection lost

Rejoining the realm…

Still unreachable

The connection could not be restored.

Session expired

The server has moved on; the page needs a fresh start.